 Dungeon Crawl Stone Soup version 0.29-a0-878-g7b45a56547 (webtiles) character file.

Game seed: 11490291560824497277

343 IdlyInterested the Trooper (level 6, -4/51 HPs)
             Began as a Demonspawn Wanderer on July 19, 2022.
             Slain by Pikel
             ... wielding a +1 whip of flaming
              (9 damage)
             ... on level 4 of the Dungeon.
             The game lasted 00:14:05 (4712 turns).

IdlyInterested the Trooper (Demonspawn Wanderer)    Turns: 4712, Time: 00:14:06

Health: -4/51      AC: 10    Str: 14    XL:     6   Next: 31%
Magic:  9/9        EV:  9    Int: 17    God:
Gold:   139        SH:  0    Dex: 15    Spells: 8/9 levels left

rFire   . . .      SeeInvis .   s - +2 dagger (drain)
rCold   . . .      Faith    .   (no shield)
rNeg    + . .      Spirit   .   r - +2 scale mail {Will+}
rPois   .          Reflect  .   (no helmet)
rElec   .          Harm     .   (no cloak)
rCorr   .          Rampage  .   j - +0 pair of gloves
Will    +....                   b - +0 pair of boots
Stlth   ..........              k - amulet of the acrobat
HPRegen 0.17/turn               o - ring of positive energy
MPRegen 0.11/turn               (no ring)

@: invisible
A: demonic guardian 1, foul stench 2, weakness stinger 1, agile 1, clever 1,
strong 1
a: no special abilities


You were on level 4 of the Dungeon.
You visited 2 branches of the dungeon, and saw 5 of its levels.

You collected 139 gold pieces.

Inventory:

Hand Weapons
 f - a +0 short sword
 s - a +2 dagger of draining (weapon)
Missiles
 w - 6 poisoned darts
Armour
 b - a +0 pair of boots (worn)
 j - a +0 pair of gloves (worn)
 r - a +2 scale mail of willpower (worn)
Magical Staves
 m - a staff of fire
Jewellery
 k - an amulet of the acrobat (around neck)
 o - a ring of positive energy (left hand)
Scrolls
 i - 2 scrolls of teleportation
 q - a scroll of enchant armour {unknown}
Potions
 a - 2 potions of might
 c - 2 potions of haste
 d - a potion of attraction
 e - a potion of lignification
 h - 3 potions of curing
 l - a potion of mutation
 n - a potion of ambrosia
 p - a potion of resistance {unknown}
 t - a potion of flight
 z - a potion of heal wounds {unknown}


   Skills:
 * Level 5.2 Fighting
 + Level 0.5 Armour
 - Level 1.0 Dodging
 - Level 1.0 Stealth
 - Level 2.0 Spellcasting
 - Level 2.0 Conjurations
 - Level 4.0 Air Magic
 - Level 2.0 Invocations
 - Level 2.0 Evocations


You had 8 spell levels left.
You knew the following spells:

 Your Spells              Type           Power      Damage    Failure   Level
a - Shock                 Conj/Air       44%        1d5       26%         1

Your spell library contained the following spells:

 Spells                   Type           Power      Damage    Failure   Level
 Swiftness                Air            15%        N/A       45%         3
 Corpse Rot               Necr/Pois/Air  6%         N/A       99%         4


Dungeon Overview and Level Annotations

Branches:
Dungeon (4/15)             Temple (1/1) D:4

Altars:
Fedhas
Hepliaklqana
Kikubaaqudgha
Trog
Vehumet
Xom

Annotations:
D:4 Pikel


Innate Abilities, Weirdness & Mutations

A weak demonic guardian rushes to your aid.
You sometimes emit foul miasma when damaged in melee.
You have a small tail.
You are agile. (Dex +4, Str/Int -1)
Your mind is acute. (Int +4, Str/Dex -1)
Your muscles are strong. (Str +4, Int/Dex -1)


Message History

The lemure is heavily wounded.
The lemure hits you but does no damage. The lemure hits you.
You emit a cloud of foul miasma!
You hit Pikel.
Pikel is lightly wounded.
The lemure barely misses you. x2
You closely miss Pikel. You tail-slap Pikel, but do no damage.
Pikel is lightly wounded.
Pikel barely misses you. The lemure hits you but does no damage.
The lemure barely misses you.
You hit Pikel but do no damage. You tail-slap Pikel.
Pikel is lightly wounded.
Pikel closely misses you.
The lemure hits you but does no damage. x2
You hit Pikel but do no damage.
Your tail-slap misses Pikel.
Pikel is lightly wounded.
Pikel cracks his whip.
Pikel hits you with a +1 whip of flaming.
Pikel burns you. The lemure barely misses you. The lemure hits you.
* * * LOW HITPOINT WARNING * * *
You fade into invisibility!
Pikel hits you with a +1 whip of flaming.
* * * LOW HITPOINT WARNING * * *
Pikel burns you.
* * * LOW HITPOINT WARNING * * *
The lemure hits you.
* * * LOW HITPOINT WARNING * * *
The lemure hits you but does no damage.
You miss Pikel.
Pikel is lightly wounded.
Pikel hits you but does no damage. The lemure barely misses you.
You hit Pikel but do no damage. You drain Pikel.
Pikel is moderately wounded.
Pikel hits you with a +1 whip of flaming.
* * * LOW HITPOINT WARNING * * *
Pikel burns you.
* * * LOW HITPOINT WARNING * * *
You hit Pikel. You drain Pikel.
Pikel is moderately wounded.
Pikel hits you with a +1 whip of flaming!
You die...

**.......## *,........#
*,........# *,........#
##############
*,........###.....##.....##
*,.......>##[.............##
*,..........5..............#
*,..!.....#5K<.............#
*,.....?..#@5...............
*,.......5#..............>.#
*,........#................#
**.......##.................
*#......*##..............#.
######.####.....##.....##.
#.#...).)..##........
#....................
##.........#.[.......


You could see Pikel (unable to see you, drained) and 3 lemures.

Vanquished Creatures
  A lemure (D:4)
  Blork the orc (D:4)
  2 scorpions (D:4)
  A hound (D:4)
  3 adders
  4 dart slugs
  2 worms
  10 orcs (D:4)
  5 ball pythons
  8 endoplasms
  4 giant cockroaches
  4 goblins
  6 hobgoblins
  4 quokkas
  6 bats
  A frilled lizard (D:2)
  6 kobolds
  4 rats
72 creatures vanquished.

Notes
Turn   | Place    | Note
-------+----------+-------------------------------------------
     0 | D:1      | IdlyInterested the Demonspawn Wanderer began the quest for
                  | the Orb.
     0 | D:1      | IdlyInterested set off with the following items: a +0
                  | dagger, a +0 pair of boots, a potion of haste, a +0 robe, a
                  | potion of lignification; and the following spell memorised:
                  | Shock; and the following spells available to memorise:
                  | Swiftness, Corpse Rot.
     0 | D:1      | Reached XP level 1. HP: 13/13 MP: 3/3
   244 | D:1      | Reached skill level 1 in Fighting
   440 | D:1      | Gained mutation: You have a small tail. [demonic ancestry]
   440 | D:1      | Reached XP level 2. HP: 20/21 MP: 0/5
   793 | D:1      | Found a faded altar of an unknown god.
  1487 | D:2      | Reached skill level 2 in Fighting
  1487 | D:2      | Gained mutation: You may rarely emit foul miasma when
                  | damaged in melee. [demonic ancestry]
  1487 | D:2      | Reached XP level 3. HP: 9/27 MP: 6/6
  2508 | D:3      | Gained mutation: You sometimes emit foul miasma when
                  | damaged in melee. [demonic ancestry]
  2508 | D:3      | Reached XP level 4. HP: 34/34 MP: 7/7
  2608 | D:3      | Reached skill level 3 in Fighting
  2757 | D:3      | Reached skill level 1 in Conjurations
  3270 | D:3      | Gained mutation: Your body sometimes deteriorates upon
                  | taking damage. [potion of mutation]
  3270 | D:3      | Gained mutation: You occasionally lose the ability to drink
                  | potions when taking damage. [potion of mutation]
  3270 | D:3      | Gained mutation: You expend magic power (3 MP) to
                  | strengthen your wands. [potion of mutation]
  3270 | D:3      | Gained mutation: You are partially covered in large bone
                  | plates. (SH +4) [potion of mutation]
  3271 | D:3      | Lost mutation: You are partially covered in large bone
                  | plates. (SH +4) [potion of mutation]
  3271 | D:3      | Lost mutation: You occasionally lose the ability to drink
                  | potions when taking damage. [potion of mutation]
  3271 | D:3      | Lost mutation: You expend magic power (3 MP) to strengthen
                  | your wands. [potion of mutation]
  3271 | D:3      | Gained mutation: You have a pair of small horns on your
                  | head. [potion of mutation]
  3271 | D:3      | Gained mutation: Armour fits poorly on your strangely
                  | shaped body. [potion of mutation]
  3271 | D:3      | Gained mutation: You are strong-willed. (Will+) [potion of
                  | mutation]
  3272 | D:3      | Lost mutation: Armour fits poorly on your strangely shaped
                  | body. [potion of mutation]
  3272 | D:3      | Lost mutation: You have a pair of small horns on your head.
                  | [potion of mutation]
  3272 | D:3      | Lost mutation: You are strong-willed. (Will+) [potion of
                  | mutation]
  3272 | D:3      | Gained mutation: You have supernaturally acute eyesight.
                  | (SInv) [potion of mutation]
  3273 | D:3      | Lost mutation: Your body sometimes deteriorates upon taking
                  | damage. [potion of mutation]
  3273 | D:3      | Lost mutation: You have supernaturally acute eyesight.
                  | (SInv) [potion of mutation]
  3273 | D:3      | Gained mutation: You have hidden genetic potential. [potion
                  | of mutation]
  3273 | D:3      | Gained mutation: Your muscles are strong. (Str +4, Int/Dex
                  | -1) [potion of mutation]
  3314 | D:4      | Noticed Blork the orc
  3320 | D:4      | Noticed a scorpion
  3325 | D:4      | Killed Blork the orc
  3326 | D:4      | Gained mutation: A weak demonic guardian rushes to your
                  | aid. [demonic ancestry]
  3326 | D:4      | Reached XP level 5. HP: 34/42 MP: 8/8
  3336 | D:4      | Gained mutation: Your mind is acute. (Int +4, Str/Dex -1)
                  | [hidden potential]
  3338 | D:4      | Reached skill level 4 in Fighting
  3355 | D:4      | Noticed Pikel
  3619 | D:4      | Reached XP level 6. HP: 24/50 MP: 9/9
  3621 | D:4      | Reached skill level 1 in Stealth
  3642 | D:4      | Gained mutation: You are agile. (Dex +4, Str/Int -1)
                  | [hidden potential]
  3642 | D:4      | Lost mutation: You have hidden genetic potential. [hidden
                  | potential expressed]
  3903 | D:4      | Reached skill level 5 in Fighting
  4473 | D:4      | Found a staircase to the Ecumenical Temple.
  4484 | Temple   | Entered the Ecumenical Temple
  4712 | D:4      | Slain by Pikel

Illustrated notes

Levels and vault maps discovered:
D:1:      scummos_arrival_checkerplants, layout_loops_cross,
          basic_ecumenical_altar, minmay_pentomino_z2
D:2:      layout_rooms
D:3:      layout_loops_corners, grunt_ministairs_14
D:4:      layout_rooms, minmay_temple_entry_fiery, uniq_pikel,
          uniq_blork_the_orc
Temple:   nicolae_temple_little_seven

Skill      XL: |  1  2  3  4  5  6 |
---------------+-------------------+-----
Fighting       | 1 2 3 4 5 |  5.2
Invocations    | 2 |  2.0
Air Magic      | 4 |  4.0
Conjurations   | 1 2 |  2.0
Stealth        | 1 |  1.0
Armour         | |  0.5
Dodging        | |  1.0
Spellcasting   | |  2.0
Evocations     | |  2.0

Action                   |  1- 3 |  4- 6 || total
-------------------------+-------+-------++-------
Melee: Short sword       |    37 |       ||    37
       Staff             |    40 |       ||    40
       Tailslap          |     8 |    23 ||    31
       Dagger            |     8 |   122 ||   130
 Cast: Shock             |    45 |     1 ||    46
  Use: Scroll            |     5 |     7 ||    12
       Potion            |       |     6 ||     6
 Stab: Invisible         |       |     5 ||     5
Armor: Ring mail         |    32 |     5 ||    37
       Robe              |     4 |       ||     4
       Chain mail        |       |    40 ||    40
       Scale mail        |       |    17 ||    17
Dodge: Dodged            |    41 |    53 ||    94

Table legend: (Time is in decaauts)
 A = Elapsed time spent in this place.
 B = Non-inter-level travel time spent in this place.
 C = Inter-level travel time spent in this place.
 D = Time resting spent in this place.
 E = Time spent auto-exploring this place.
 F = Levels seen in this place.
 G = Mean time per level.
                   A        B        C        D        E       F      G
               +--------+--------+--------+--------+--------+-----+--------+
         Total |   4722 |   4362 |    360 |   1118 |   2458 |   5 |  944.4 |
       Dungeon |   4677 |   4317 |    360 |   1118 |   2430 |   4 | 1169.2 |
        Temple |     45 |     45 |      0 |      0 |     28 |   1 |   45.0 |
               +--------+--------+--------+--------+--------+-----+--------+

Top non-repeatable levels by time:
     D:3: 1590 daAuts
     D:1: 1404 daAuts
     D:2: 952 daAuts
     D:4: 729 daAuts
  Temple: 45 daAuts
